 Dungeon Crawl Stone Soup version 0.30-a0-800-g7c544603b3 (webtiles) character file.

Game seed: 4322315613944490554

5343 Lobster4 the Ruffian (level 10, 0/94 HPs)
             Began as a Troll Gladiator on Feb 22, 2023.
             Slain by Joseph
             ... wielding a +1 quarterstaff of speed
              (15 damage)
             ... on level 8 of the Dungeon.
             The game lasted 00:21:25 (7102 turns).

Lobster4 the Ruffian (Troll Gladiator)              Turns: 7102, Time: 00:21:26

Health: 0/94       AC:  9    Str: 24    XL:     10   Next: 38%
Magic:  12/12      EV: 11    Int:  8    God:
Gold:   508        SH:  0    Dex: 11    Spells: 11/14 levels left

rFire   + . .      SeeInvis .      - Unarmed
rCold   . . .      Faith    .    (no shield)
rNeg    . . .      Spirit   .    a - +0 robe
rPois   .          Reflect  .    b - +1 hat
rElec   .          Harm     .    (no cloak)
rCorr   .          Rampage  .    (gloves unavailable)
Will    .....                    (boots unavailable)
Stlth   +                        x - amulet of magic regeneration
HPRegen 1.15/turn                w - +4 ring of protection
MPRegen 0.53/turn                m - ring of protection from fire

@: no status effects
A: large, unfitting armour, claws 3, regeneration 1, shaggy fur 1, tough skin 1
a: no special abilities


You were on level 8 of the Dungeon.
You visited 1 branch of the dungeon, and saw 8 of its levels.
You also visited: Sewer.

You collected 508 gold pieces.

Inventory:

Hand Weapons
 c - a +4 scimitar of flaming
 f - a +2 whip of flaming
 g - a +0 giant spiked club
 l - a +0 sling
 C - a +0 flail
Missiles
 d - a large rock
 e - 54 stones
 q - 14 poisoned darts (quivered)
 y - 2 boomerangs
 F - 3 javelins
Armour
 a - a +0 robe (worn)
 b - a +1 hat (worn)
Magical Staves
 u - a staff of cold
Jewellery
 m - a ring of protection from fire (right claw)
 n - a ring of protection from cold
 w - a +4 ring of protection (left claw)
 x - an amulet of magic regeneration (around neck)
 D - a ring of protection from fire
Wands
 s - a wand of paralysis (34)
 z - a wand of flame (17)
 B - a wand of roots (2)
Scrolls
 j - 2 scrolls of teleportation
 p - 2 scrolls of blinking
 t - 2 scrolls of silence
 E - a scroll of immolation
 G - 3 scrolls of enchant armour
Potions
 h - 2 potions of resistance
 i - a potion of berserk rage
 k - 2 potions of magic
 o - a potion of might {unknown}
 r - a potion of flight {unknown}
 v - a potion of curing
 A - 2 potions of haste


   Skills:
 + Level 4.7 Fighting
 - Level 3.0 Maces & Flails
 + Level 5.4 Throwing
 + Level 4.3 Armour
 + Level 5.1 Dodging
 + Level 6.2 Unarmed Combat
 + Level 2.5 Spellcasting
 - Level 3.0 Translocations
 - Level 3.0 Air Magic
 - Level 3.0 Evocations


You had 11 spell levels left.
You knew the following spells:

 Your Spells              Type           Power      Damage    Failure   Level
a - Vhi's Electric Charg  Tloc/Air       10%        N/A       30%         3

Your spell library contained the following spells:

 Spells                   Type           Power      Damage    Failure   Level
 Shock                    Conj/Air       12%        1d3       19%         1
 Static Discharge         Conj/Air       6%         2-3/arc   28%         2
 Kindle Blastsparks       Fire/Tloc/Air  8%         2d10      41%         3
 Arcjolt                  Conj/Air       1%         1d11      99%         5
 Lightning Bolt           Conj/Air       1%         1d12      99%         5
 Fireball                 Conj/Fire      0%         3d3       100%        5


Dungeon Overview and Level Annotations

Branches:
Dungeon (8/15)              Sewer (visited)
 Temple: D:4-7         Lair: D:8-11

Altars:
Ashenzari
Elyvilon
Fedhas
Gozag
Kikubaaqudgha
Nemelex Xobeh
Sif Muna
Trog
Vehumet
Xom
Yredelemnul
The Shining One

Shops:
D:5 (

Annotations:
D:5 1 runed translucent door, Crazy Yiuf
D:8 1 exclusion, Joseph


Innate Abilities, Weirdness & Mutations

You are too large for most types of armour.
You have claws for hands.
Your natural rate of healing is unusually fast.
You are covered in fur. (AC +1)
You have tough skin. (AC +1)


Message History

e - 54 stones (gained 8)
You now have 508 gold pieces (gained 14).
Joseph, a Mercenary comes into view.
He is wielding a +1 quarterstaff of speed.
Joseph shouts!
Joseph unwields a +1 quarterstaff of speed.
Joseph wields a +0 sling.
Joseph shoots a sling bullet.
The sling bullet hits you.
Aiming: Fastroot
Press: ? - help, Shift-Dir - straight line, f - you The roots erupt in riotous growth!
Joseph shoots a sling bullet.
The sling bullet barely misses you.
Joseph shoots a sling bullet.
The sling bullet hits you!
Aiming: Fastroot
Press: ? - help, Shift-Dir - straight line The roots erupt in riotous growth!
Roots grab Joseph.
The grasping roots constrict Joseph.
Joseph shoots a sling bullet.
The sling bullet closely misses you.
The grasping roots constrict Joseph.
Joseph struggles to escape constriction.
The grasping roots constrict Joseph!
Joseph shoots a sling bullet.
The sling bullet hits you!
The grasping roots constrict Joseph!
The roots release their grip on Joseph.
Joseph shoots a sling bullet.
The sling bullet hits you!!
Joseph shoots a sling bullet.
The sling bullet hits you!
Joseph unwields a +0 sling.
Joseph wields a +1 quarterstaff of speed.
Joseph hits you but does no damage.
You scratch Joseph but do no damage.
Joseph is moderately wounded.
Joseph hits you with a +1 quarterstaff of speed!
* * * LOW HITPOINT WARNING * * *
You scratch Joseph.
Joseph is heavily wounded.
Joseph hits you with a +1 quarterstaff of speed!
* * * LOW HITPOINT WARNING * * *
You claw Joseph!
Joseph is severely wounded.
Joseph hits you with a +1 quarterstaff of speed!
You die...

######### ........########
#######.#......## ....#
#.#.##....##
###.###.#.#......################
..<.............................#
###..##......_.@@##############.#
##'######......### #.#
#♣...♣##..........# #.#
#.....####.....##.# #.# #♣...♣#
#.)...##.# #.# #.....# #.#.#.##.#
#.# ###_######.....##.# #.# ###
#.......##.# #.#
########......###.### #.#


You could see Joseph.

Vanquished Creatures
  Erica (D:8)
  A two-headed ogre (D:8)
  Pikel (D:5)
  Psyche (D:8)
  Grinder (D:6)
  Prince Ribbit (D:8)
  A shadow (D:7)
  Grum (D:8)
  5 water moccasins
  2 ice beasts
  2 sky beasts (D:5)
  4 wolves (D:8)
  2 ogres
  4 lemures (D:5)
  A kobold brigand (D:7)
  A gnoll sergeant (D:8)
  A bullfrog (D:8)
  A necrophage (D:5)
  2 scorpions
  7 orc priests
  2 hounds
  A gnoll bouda (D:5)
  2 jellies
  Jessica (D:2)
  3 iguanas
  9 orc wizards
  18 gnolls
  12 adders
  A river rat (D:6)
  An ufetubus (D:4)
  2 worms
  A dart slug (D:2)
  18 orcs
  8 ball pythons
  5 bats
  5 endoplasms
  5 giant cockroaches
  8 goblins
  3 hobgoblins
  3 quokkas
  A frilled lizard (D:2)
  11 kobolds
  6 rats
166 creatures vanquished.

Vanquished Creatures (others)
  An orc wizard (D:3)
  2 fungi
  A plant (D:3)
4 creatures vanquished.

Grand Total: 170 creatures vanquished

Notes
Turn   | Place    | Note
-------+----------+-------------------------------------------
     0 | D:1      | Lobster4 the Troll Gladiator began the quest for the Orb.
     0 | D:1      | Reached XP level 1. HP: 19/19 MP: 0/0
    89 | D:1      | Reached XP level 2. HP: 28/28 MP: 1/1
   767 | D:2      | Reached skill level 1 in Armour
   767 | D:2      | Reached XP level 3. HP: 32/35 MP: 2/2
   864 | D:2      | Reached XP level 4. HP: 41/42 MP: 3/3
  1207 | D:2      | Noticed Jessica
  1223 | D:2      | Killed Jessica
  1515 | D:3      | Found a radiant altar of Vehumet.
  1543 | D:3      | Found a white marble altar of Elyvilon.
  1616 | D:3      | Reached XP level 5. HP: 49/49 MP: 4/4
  1696 | D:3      | Found a blossoming altar of Fedhas.
  1804 | D:3      | Reached skill level 1 in Evocations
  2134 | D:3      | Reached XP level 6. HP: 31/59 MP: 5/5
  2508 | D:4      | Got the Reference Book on Smouldering Percussion
  2670 | D:4      | Reached skill level 4 in Unarmed Combat
  2944 | D:4      | Reached skill level 1 in Maces & Flails
  3119 | D:4      | Learned a level 3 spell: Vhi's Electric Charge
  3168 | D:4      | Found an ancient bone altar of Kikubaaqudgha.
  3204 | D:5      | Entered Level 5 of the Dungeon
  3247 | D:5      | Found a basalt altar of Yredelemnul.
  3305 | D:5      | Found Rosock's Weapon Shoppe.
  3307 | D:5      | Noticed an ice beast
  3388 | D:5      | Killed an ice beast
  3389 | D:5      | Reached XP level 7. HP: 33/66 MP: 6/6
  3485 | D:5      | Found a runed translucent door.
  3486 | D:5      | Noticed Crazy Yiuf
  3734 | D:5      | Noticed Pikel
  3742 | D:5      | Paralysed by Pikel for 5 turns
  3749 | D:5      | Paralysed by Pikel for 3 turns
  3974 | D:5      | Killed Pikel
  3975 | D:5      | Reached skill level 1 in Spellcasting
  3975 | D:5      | Reached skill level 1 in Translocations
  3975 | D:5      | Reached skill level 1 in Air Magic
  3975 | D:5      | Reached XP level 8. HP: 75/75 MP: 6/8
  4067 | D:5      | Found a bloodstained altar of Trog.
  4492 | D:6      | Noticed Grinder
  4509 | D:6      | Paralysed by Grinder for 2 turns
  4524 | D:6      | Paralysed by Grinder for 2 turns
  4656 | D:6      | Found a glowing drain.
  4660 | Sewer    | Entered a sewer
  4988 | D:6      | Reached skill level 5 in Unarmed Combat
  5037 | D:6      | Found a broken altar of Ashenzari.
  5070 | D:6      | Killed Grinder
  5071 | D:6      | Reached XP level 9. HP: 84/84 MP: 10/10
  5573 | D:7      | Identified the +1 dagger "Nuodeoh" {venom, Dex+4}
  5812 | D:7      | Found a shimmering altar of Xom.
  6259 | D:8      | Found an opulent altar of Gozag.
  6277 | D:8      | Found a sparkling altar of Nemelex Xobeh.
  6340 | D:8      | Found a glowing golden altar of the Shining One.
  6381 | D:8      | Noticed Psyche
  6393 | D:8      | Killed Psyche
  6458 | D:8      | Noticed Grum
  6476 | D:8      | Killed Grum
  6529 | D:8      | Noticed a two-headed ogre
  6534 | D:8      | Noticed Erica
  6539 | D:8      | Killed a two-headed ogre
  6540 | D:8      | Reached skill level 5 in Throwing
  6540 | D:8      | Reached XP level 10. HP: 94/94 MP: 12/12
  6557 | D:8      | HP: 1/94 [something/lance of force (22)]
  6746 | D:8      | Found a shimmering blue altar of Sif Muna.
  6805 | D:8      | Noticed Prince Ribbit
  6811 | D:8      | Killed Prince Ribbit
  6812 | D:8      | Reached skill level 5 in Dodging
  6812 | D:8      | Reached skill level 6 in Unarmed Combat
  6881 | D:8      | Killed Erica
  7090 | D:8      | Noticed Joseph
  7102 | D:8      | Slain by Joseph

Illustrated notes

Levels and vault maps discovered:
D:1:      minmay_arrival_cross, layout_basic
D:2:      layout_basic, uniq_jessica
D:3:      layout_loops_corners, general_overflow_altar, vehumet_crystals,
          fedhas_altar_3
D:4:      layout_basic, lemuel_round_altar
D:5:      layout_loops_ring, kennysheep_mini_moat, mainiacjoe_overflow_catwalk,
          minmay_temple_entry_from_below_a, serial_shops,
          nicolae_shop_bloodbath_and_beyond, uniq_crazy_yiuf_cottage, uniq_pikel
D:6:      layout_loops_ring, nicolae_ashenzari_skybound, gup_sewer_entry_bowl,
          uniq_grinder
D:7:      layout_loops_ring, mainiacjoe_overflow_cross_hatched,
          minmay_tree_intersection
D:8:      layout_loops_ring, grunt_gozag_statues, overflow_temple_1_default,
          tso_altar, led_sif_book, chequers_decorated_corner, uniq_erica,
          uniq_joseph, uniq_grum, uniq_prince_ribbit1, uniq_psyche

Skill      XL: |  1  2  3  4  5  6  7  8  9 10 |
---------------+-------------------------------+-----
Throwing       | 2 3 4 5 |  5.4
Fighting       | 2 3 4 |  4.7
Armour         | 1 2 3 4 |  4.3
Dodging        | 3 4 5 |  5.1
Evocations     | 1 2 3 |  3.0
Unarmed Combat | 4 5 6 |  6.2
Maces & Flails | 1 2 3 |  3.0
Spellcasting   | 1 2 |  2.5
Translocations | 1 2 3 |  3.0
Air Magic      | 1 2 3 |  3.0

Action                     |  1- 3 |  4- 6 |  7- 9 | 10-12 || total
---------------------------+-------+-------+-------+-------++-------
  Melee: Unarmed           |    70 |   222 |   299 |    43 ||   634
         Punch             |       |     8 |     6 |       ||    14
         Staff             |       |    36 |       |       ||    36
  Throw: Stone             |     4 |       |       |       ||     4
         Dart              |       |     3 |    33 |     8 ||    44
         Boomerang         |       |       |    28 |     6 ||    34
         Throwing net      |       |       |     3 |     1 ||     4
         Javelin           |       |       |     9 |       ||     9
  Evoke: Wand              |       |       |     7 |     4 ||    11
    Use: Scroll            |       |     1 |    18 |     1 ||    20
         Potion            |       |       |       |     4 ||     4
   Stab: Sleeping          |       |     4 |       |       ||     4
         Paralysed         |       |       |    18 |       ||    18
 Armour: Robe              |    21 |    81 |    92 |     5 ||   199
  Dodge: Dodged            |    28 |   104 |   132 |    24 ||   288

Table legend: (Time is in decaauts)
 A = Elapsed time spent in this place.
 B = Non-inter-level travel time spent in this place.
 C = Inter-level travel time spent in this place.
 D = Time resting spent in this place.
 E = Time spent auto-exploring this place.
 F = Levels seen in this place.
 G = Mean time per level.
                   A        B        C        D        E       F      G
               +--------+--------+--------+--------+--------+-----+--------+
         Total |   7053 |   6765 |    288 |    163 |   4976 |   9 |  783.7 |
       Dungeon |   6977 |   6689 |    288 |    163 |   4927 |   8 |  872.1 |
         Sewer |     76 |     76 |      0 |      0 |     49 |   1 |   76.0 |
               +--------+--------+--------+--------+--------+-----+--------+

Top non-repeatable levels by time:
     D:5: 1291 daAuts
     D:3: 950 daAuts
     D:7: 884 daAuts
     D:2: 870 daAuts
     D:8: 837 daAuts
     D:6: 772 daAuts
     D:4: 729 daAuts
     D:1: 640 daAuts
   Sewer: 76 daAuts
